 Dungeon Crawl Stone Soup version 0.31-a0-1005-gfbdfbac (webtiles) character file.

Game seed: 16701209472763031886

214 Partyfoot the Conjurer (level 5, -1/45 HPs)
             Began as a Draconian Conjurer on Nov 11, 2023.
             Slain by a sleepcap (3 damage)
             ... on level 5 of the Dungeon.
             The game lasted 00:10:26 (3849 turns).

Partyfoot the Conjurer (Draconian Conjurer)         Turns: 3849, Time: 00:10:27

Health: -1/45      AC:  5    Str:  9    XL:     5   Next: 60%
Magic:  1/9        EV: 12    Int: 20    God:
Gold:   100        SH:  0    Dex: 10    Spells: 1/10 levels left

rFire   . . .        g - +0 trident
rCold   . . .        (no shield)
rNeg    . . .        (body armour unavailable)
rPois   .            (helmet restricted)
rElec   .            (no cloak)
rCorr   .            (no gloves)
SInv    .            (no boots)
Will    .....        (no amulet)
Stlth   ++           (no ring)
HPRegen 0.27/turn    (no ring)
MPRegen 0.11/turn

%: no passive effects
@: no status effects
A: AC +5, unfitting armour, cold-blooded
a: no special abilities


You were on level 5 of the Dungeon.
You visited 1 branch of the dungeon, and saw 5 of its levels.

You collected 175 gold pieces.
You spent 75 gold pieces at shops.

Inventory:

Hand Weapons
 d - a +0 whip
 g - a +0 trident (weapon)
 k - a +2 dagger of holy wrath
Magical Staves
 m - a staff of poison
Wands
 o - a wand of iceblast (5)
Scrolls
 b - a scroll of teleportation {unknown}
 c - 3 scrolls of blinking
 f - 3 scrolls of revelation {unknown}
 h - 3 scrolls of poison {unknown}
 i - 2 scrolls of fear {unknown}
 l - a scroll of identify {unknown}
 n - a scroll of vulnerability {unknown}
 p - a scroll of immolation {unknown}
Potions
 a - a potion of magic
 e - 3 potions of curing {unknown}
 j - a potion of lignification {unknown}
 q - a potion of attraction {unknown}


   Skills:
 + Level 3.0 Fighting
 - Level 2.6 Dodging
 - Level 1.7 Stealth
 + Level 3.2 Spellcasting
 - Level 4.6 Conjurations
 + Level 1.5 Translocations


You had one spell level left.
You knew the following spells:

 Your Spells              Type           Power      Damage    Failure   Level
a - Magic Dart            Conj           84%        1d7       1%          1
b - Iskenderun's Mystic   Conj/Tloc      15%        2d5       36%         4
c - Passage of Golubria   Tloc           9%         N/A       58%         4

Your spell library contained the following spells:

 Spells                   Type           Power      Damage    Failure   Level
 Shock                    Conj/Air       48%        1d6       5%          1
 Searing Ray              Conj           42%        2d6       3%          2
 Dazzling Flash           Conj/Hex       24%        N/A       16%         3
 Ensorcelled Hibernation  Hex/Ice        6%         N/A       22%         2
 Jinxbite                 Hex            6%         N/A       22%         2
 Swiftness                Air            3%         N/A       38%         3
 Tukima's Dance           Hex            3%         N/A       38%         3
 Fulminant Prism          Conj/Hex       6%         3d7       47%         4
 Airstrike                Air            1%         2d(1-17)  80%         4
 Anguish                  Hex/Necr       1%         N/A       80%         4
 Yara's Violent Unravell  Hex/Tmut       1%         3d3       98%         5


Dungeon Overview and Level Annotations

Branches:
Dungeon (5/15)
 Temple: D:4-7

Altars:

Shops:
D:2 ?[[


Innate Abilities, Weirdness & Mutations

Your plain brown scales are hard. (AC +5)
You cannot fit into any form of body armour.
You are cold-blooded and may be slowed by cold attacks.


Message History

The orc priest hits you with a +0 club. The orc priest closely misses you.
You hit the orc priest.
The orc priest is heavily wounded.
The orc priest looks satisfied for a moment.
Casting: Magic Dart (safe; 1% risk of failure)
Confirm with . or Enter, or press ? or * to list all spells.
Aiming: Magic Dart (safe; 1% risk of failure)
Press: ? - help, Shift-Dir - straight line, f/p - orc priest
Aim: an orc priest, wielding a +0 club and wearing a +0 chain mail (heavily wounded, 100% to hit)
The magic dart hits the orc priest but does no damage.
The orc priest is heavily wounded.
The orc priest closely misses you. The sleepcap closely misses you.
You hit the orc priest but do no damage.
The orc priest is heavily wounded.
The orc priest mumbles some strange prayers to Beogh against you.
Beogh smites you!
The sleepcap releases spores at you but does no damage.
You closely miss the orc priest.
The orc priest is heavily wounded.
The sleepcap misses you.
The orc priest invokes the aid of Beogh against you.
Beogh smites you!
* * * LOW HITPOINT WARNING * * *
The sleepcap misses you.
The orc priest hits you but does no damage.
You hit the orc priest but do no damage.
You tail-slap the orc priest.
The orc priest is severely wounded.
The orc priest hits you but does no damage.
The sleepcap barely misses you.
You barely miss the orc priest.
The orc priest is severely wounded.
The orc priest hits you with a +0 club.
* * * LOW HITPOINT WARNING * * *
The sleepcap releases spores at you.
* * * LOW HITPOINT WARNING * * *
You hit the orc priest but do no damage.
The orc priest is severely wounded.
The sleepcap releases spores at you.
You die...

.. ## .8. #.
###...###.⌠.
...........
.>........#
.........#
#.......####
#.......f..#
###.......o@.#
....)......).#
..⌠.###...####
. #.8.# #...#
#####


You could see a sleepcap and an orc priest.

Vanquished Creatures
  Jessica (D:3)
  A gnoll (D:5)
  8 adders
  A worm (D:3)
  2 dart slugs
  4 orcs
  8 ball pythons
  An endoplasm (D:2)
  2 giant cockroaches
  8 goblins
  6 hobgoblins
  12 jackals
  7 kobolds
  6 quokkas
  11 bats
  7 frilled lizards
  9 rats
94 creatures vanquished.

Notes
Turn   | Place    | Note
-------+----------+-------------------------------------------
     0 | D:1      | Partyfoot the Draconian Conjurer began the quest for the
                  | Orb.
     0 | D:1      | Reached XP level 1. HP: 14/14 MP: 3/3
   287 | D:1      | Reached XP level 2. HP: 22/22 MP: 0/5
   402 | D:1      | Found a faded altar of an unknown god.
   566 | D:1      | Reached skill level 1 in Fighting
   962 | D:1      | Reached XP level 3. HP: 28/28 MP: 3/6
  1315 | D:2      | Found Ruiggane's Armour Boutique.
  1460 | D:2      | Reached XP level 4. HP: 36/36 MP: 0/7
  1552 | D:2      | Found Nisu's Armour Emporium.
  1616 | D:2      | Found Esoaphie's Magic Scroll Shop.
  1622 | D:2      | Bought a scroll of blinking for 75 gold pieces
  1722 | D:2      | Learned a level 4 spell: Iskenderun's Mystic Blast
  2491 | D:3      | Reached XP level 5. HP: 40/42 MP: 3/9
  2822 | D:3      | Noticed Jessica
  2835 | D:3      | Killed Jessica
  2836 | D:3      | Reached skill level 1 in Translocations
  3505 | D:3      | Learned a level 4 spell: Passage of Golubria
  3804 | D:5      | Entered Level 5 of the Dungeon
  3848 | D:5      | HP: 2/45 [sleepcap (1)]
  3849 | D:5      | Slain by a sleepcap

Illustrated notes

Levels and vault maps discovered:
D:1:      heliophobic_arrival_ceremonial_halls, layout_basic,
          chequers_ecumenical_altar_simple, minmay_misc_feat_nine_boxes
D:2:      layout_basic, serial_shops, nicolae_shop_advertising_works
          [nicolae_subvault_shop_adworks], shop, shop
D:3:      layout_loops_corners, minmay_checkerbox, uniq_jessica
D:4:      nicolae_cairo_tiling_large, layout_cave_pools, marbit_many_paths,
          jmf_multi_god_temple2, minmay_temple_entry_junction
D:5:      layout_basic, nicolae_qazlal_general_emergency,
          kiku_gazebo_pond_becter, hellmonk_ghost_happy_afterlife,
          nicolae_elevator_lobby_asterisk, uniq_duvessa, uniq_blork_the_orc,
          uniq_menkaure

Skill      XL: |  1  2  3  4  5 |
---------------+----------------+-----
Dodging        | 2 |  2.6
Fighting       | 1 2 3 |  3.0
Spellcasting   | 3 |  3.2
Translocations | 1 |  1.5
Stealth        | |  1.7
Conjurations   | |  4.6

Action                     |  1- 3 |  4- 6 || total
---------------------------+-------+-------++-------
  Melee: Unarmed           |     2 |       ||     2
         Tailslap          |     4 |     3 ||     7
         Trident           |    33 |    16 ||    49
         Whip              |     3 |       ||     3
   Cast: Magic Dart        |    73 |   113 ||   186
  Evoke: Wand              |       |     1 ||     1
 Armour: Skin              |    35 |    24 ||    59
  Dodge: Dodged            |    33 |    18 ||    51

Table legend: (Time is in decaauts)
 A = Elapsed time spent in this place.
 B = Non-inter-level travel time spent in this place.
 C = Inter-level travel time spent in this place.
 D = Time resting spent in this place.
 E = Time spent auto-exploring this place.
 F = Levels seen in this place.
 G = Mean time per level.
                   A        B        C        D        E       F      G
               +--------+--------+--------+--------+--------+-----+--------+
         Total |   3861 |   3767 |     94 |    381 |   2910 |   5 |  772.2 |
       Dungeon |   3861 |   3767 |     94 |    381 |   2910 |   5 |  772.2 |
               +--------+--------+--------+--------+--------+-----+--------+

Top non-repeatable levels by time:
     D:3: 1252 daAuts
     D:2: 1154 daAuts
     D:1: 1109 daAuts
     D:4: 297 daAuts
     D:5: 47 daAuts
